 Dungeon Crawl Stone Soup version 0.16.1-30-g34a7ffa (webtiles) character file.

226 Yawgmoth the Digger (level 6, -5/37 HPs)
             Began as a Gargoyle Earth Elementalist on June 13, 2015.
             Slain by an ice beast (10 damage)
             ... on level 4 of the Dungeon.
             The game lasted 00:12:00 (3355 turns).

Yawgmoth the Digger (Gargoyle Earth Elementalist)   Turns: 3355, Time: 00:12:00

Health: -5/37      AC:  8    Str: 12    XL:     6   Next: 1%
Magic:  4/13       EV:  6    Int: 17    God:
Gold:   94         SH:  0    Dex: 10    Spells: 1 memorised, 10 levels left

rFire  . . .     SeeInvis .     b - 37 stones
rCold  . . .     Clarity  .     c - +0 robe
rNeg   + . .     SustAb   .     (no shield)
rPois  ∞         Gourm    .     (no helmet)
rElec  +         Spirit   .     (no cloak)
rCorr  .         Warding  .     u - +0 pair of gloves (curse)
rMut   .         Stasis   .     e - +0 pair of boots
MR     .....                    (no amulet)
Stlth  ++........               (no ring)
                                (no ring)

@: very slightly contaminated, held, not resistant to hostile enchantments,
unstealthy
A: negative energy resistance 1, electricity resistance, unbreathing,
petrification resistance, rot immunity, AC +4
a: no special abilities


You were on level 4 of the Dungeon.
You were not hungry.

You visited 1 branch of the dungeon, and saw 4 of its levels.

You collected 94 gold pieces.

Inventory:

Hand weapons
 h - a +0 spear
Missiles
 b - 37 stones (in hand)
 z - 3 javelins
Armour
 c - a +0 robe (worn)
 e - a +0 pair of boots (worn)
 u - a cursed +0 pair of gloves (worn)
Scrolls
 j - 2 scrolls of fog {unknown}
 m - 4 scrolls of recharging {unknown}
 n - a scroll of remove curse {unknown}
 p - a scroll of immolation {unknown}
 q - a scroll of noise {unknown}
 v - 2 scrolls of identify {unknown}
 x - a scroll of fear {unknown}
 y - a scroll of random uselessness {unknown}
Potions
 i - a potion of haste {unknown}
 k - 2 potions of agility {unknown}
 l - 2 potions of curing {unknown}
 r - a potion of brilliance {unknown}
 s - a potion of restore abilities {unknown}
 t - a potion of resistance {unknown}
 w - a potion of might {unknown}
Books
 d - a book of Geomancy

   Spells                             Type                      Level
   a - Sandblast                      Earth                        1
   b - Stoneskin                      Transmutation/Earth          2
   c - Passwall                       Transmutation/Earth          3
   d - Stone Arrow                    Conjuration/Earth            3
   e - Petrify                        Transmutation/Earth          4
   f - Lee's Rapid Deconstruction     Earth                        5
Comestibles
 a - a bread ration
 f - 2 fruits
 g - 2 slices of pizza
 o - 2 meat rations
 A - 7 chunks of flesh


   Skills:
 + Level 3.4 Fighting
 - Level 1.6 Dodging
 - Level 2.1 Stealth
 + Level 3.3 Spellcasting
   Level 0.7 Transmutations
 + Level 5.5 Earth Magic


You had 10 spell levels left.
You knew the following spells:

 Your Spells              Type           Power        Failure   Level  Hunger
a - Sandblast             Erth           ###...       1%          1    None


Dungeon Overview and Level Annotations

Branches:
Dungeon (4/15)
 Temple: D:4-7

Altars:


Innate Abilities, Weirdness & Mutations

You are resistant to torment.
You are immune to poison.
Your stone body is very resilient (AC +4).
You resist negative energy.
You are resistant to electric shocks.
You can survive without breathing.
You are immune to petrification.
You are immune to rotting.


Message History

The ice beast hits you. The ice beast freezes you.
Casting: Sandblast
Confirm with . or Enter, or press ? or * to list all spells.
Aiming: Sandblast
Press: ? - help, Shift-Dir - straight line, f/p - ice beast
Aim: an ice beast (heavily wounded)
The rocky blast misses the ice beast.
The ice beast hits you. The ice beast freezes you!
* * * LOW HITPOINT WARNING * * *
Casting: Sandblast
Confirm with . or Enter, or press ? or * to list all spells.
Aiming: Sandblast
Press: ? - help, Shift-Dir - straight line, f/p - ice beast
Aim: an ice beast (heavily wounded)
The rocky blast hits the ice beast.
The ice beast is severely wounded.
The ice beast hits you.
* * * LOW HITPOINT WARNING * * *
The ice beast freezes you!
You die...

. . .. #....
#.##..... #
#[.#.....
####.#..#...#
.....#..o..#
..........$#
##.....g#...#
#......Y@.>.#
#..#######..##
#<###...#####.
#..###.))..........
#.......)....#####.
......#####..##
...... ...# .....
...# .... ....#


You could see an ice beast, a gnoll and an orc.

Vanquished Creatures
  A scorpion (D:4)
  A worker ant (D:4)
  5 gnolls
  5 adders
  A giant mite (D:2)
  A worm (D:3)
  2 orcs
  4 giant cockroaches
  6 hobgoblins
  6 jackals
  A ball python (D:3)
  7 bats
  5 giant newts
  4 goblins
  8 kobolds
  A quokka (D:2)
  7 rats
65 creatures vanquished.

Notes
Turn   | Place    | Note
--------------------------------------------------------------
     0 | D:1      | Yawgmoth, the Gargoyle Earth Elementalist, began the quest for the Orb.
     0 | D:1      | Reached XP level 1. HP: 10/10 MP: 3/3
   633 | D:1      | Reached skill level 4 in Earth Magic
   755 | D:1      | Reached XP level 2. HP: 14/16 MP: 4/4
  1027 | D:2      | Reached skill level 1 in Fighting
  1086 | D:2      | Reached XP level 3. HP: 17/20 MP: 6/6
  1523 | D:2      | Reached XP level 4. HP: 22/26 MP: 8/8
  2708 | D:3      | Reached skill level 5 in Earth Magic
  2712 | D:3      | Reached XP level 5. HP: 9/31 MP: 1/10
  3310 | D:4      | Noticed an ice beast
  3333 | D:4      | Reached XP level 6. HP: 37/37 MP: 8/13
  3355 | D:4      | Slain by an ice beast

Action                   |  1- 3 |  4- 6 || total
-------------------------+-------+-------++-------
Melee: Spear             |   136 |   103 ||   239
       Unarmed           |    16 |       ||    16
 Cast: Sandblast         |     4 |    38 ||    42
 Stab: Sleeping          |     1 |     2 ||     3
  Eat: Chunk             |     2 |     6 ||     8
